 Dungeon Crawl Stone Soup version 0.29.1-12-g30fa7ad0bf (webtiles) character file.

Game seed: 17404527704163950930

144 LustLizard the Firebug (level 5, -3/38 HPs)
             Began as a Hill Orc Fire Elementalist on Jan 12, 2023.
             Shot with a bolt by an orc warrior (14 damage)
             ... on level 3 of the Dungeon.
             The game lasted 00:05:40 (3444 turns).

LustLizard the Firebug (Hill Orc Fire Elementalist) Turns: 3444, Time: 00:05:41

Health: -3/38      AC:  5    Str: 13    XL:     5   Next: 27%
Magic:  8/8        EV: 10    Int: 15    God:
Gold:   117        SH:  0    Dex: 11    Spells: 4/8 levels left

rFire   . . .      SeeInvis .   n - +4 short sword (venom)
rCold   . . .      Faith    .   (no shield)
rNeg    + . .      Spirit   .   p - +0 ring mail
rPois   .          Reflect  .   (no helmet)
rElec   .          Harm     .   (no cloak)
rCorr   .          Rampage  .   (no gloves)
Will    .....                   (no boots)
Stlth   +.........              (no amulet)
HPRegen 0.12/turn               e - ring of positive energy
MPRegen 0.11/turn               (no ring)

@: no status effects
A: no striking features
a: no special abilities


You were on level 3 of the Dungeon.
You visited 1 branch of the dungeon, and saw 3 of its levels.

You collected 117 gold pieces.

Inventory:

Hand Weapons
 f - a +0 short sword
 n - a +4 short sword of venom (weapon)
Armour
 a - a +0 robe
 d - a +0 leather armour
 p - a +0 ring mail (worn)
 q - a +0 buckler
 s - a +0 leather armour
Jewellery
 e - a ring of positive energy (left hand)
Wands
 l - a wand of quicksilver (4)
Scrolls
 g - a scroll of vulnerability {unknown}
 h - 2 scrolls of identify
 i - 2 scrolls of noise
 k - a scroll of immolation {unknown}
 m - a scroll of amnesia {unknown}
 o - a scroll of poison {unknown}
 r - a scroll of magic mapping {unknown}
Potions
 b - 2 potions of magic
 c - 2 potions of mutation
 j - a potion of flight {unknown}


   Skills:
 - Level 1.5 Dodging
 - Level 1.5 Stealth
 + Level 2.2 Spellcasting
 * Level 3.1 Conjurations
 * Level 4.7 Fire Magic


You had 4 spell levels left.
You knew the following spells:

 Your Spells              Type           Power      Damage    Failure   Level
a - Foxfire               Conj/Fire      52%        2x1d6     10%         1
b - Inner Flame           Hex/Fire       8%         N/A       47%         3

Your spell library contained the following spells:

 Spells                   Type           Power      Damage    Failure   Level
 Scorch                   Fire           32%        2d6       10%         2
 Conjure Flame            Conj/Fire      13%        6-21      28%         3
 Flame Wave               Conj/Fire      13%        2d6       67%         4


Dungeon Overview and Level Annotations

Branches:
Dungeon (3/15)

Altars:


Message History

* * * LOW HITPOINT WARNING * * *
It was a potion of curing.
You feel better. The orc hits you but does no damage.
You hit the orc.
You kill the orc!
You kill the orc wizard!
The orc hits you but does no damage.
Your Conjurations skill increases to level 3!
You have reached level 5!
You feel stronger.
You closely miss the orc. The orc hits you but does no damage.
You hit the orc.
The orc is poisoned.
The orc is heavily wounded.
The orc barely misses you.
You hit the orc.
You kill the orc!
You start resting.
Magic restored.
You start resting.
HP restored.
Things that are here:
a +0 club; a +0 leather armour; an orc skeleton
Found a stone staircase leading down.
Found an escape hatch in the floor.
You see here a +0 hand axe.
g - a scroll labelled SEC SUUW ZATH A goblin comes into view.
It is wielding a +0 dagger.
You conjure some foxfire!
The foxfire hits the goblin.
You kill the goblin!
Your foxfire dissipates!
Magic restored.
An orc warrior is nearby!
The orc warrior shouts!
The orc warrior shoots a bolt.
The bolt hits you!
The orc warrior shoots a bolt.
The bolt hits you!!
Ouch! That really hurt!
* * * LOW HITPOINT WARNING * * *
There is a stone staircase leading up here.
The orc warrior shoots a bolt.
The bolt hits you!
You die...

...##..#.####.###........>.......
..................o####...#.#....
......#.#####.##...# #...#.#....
.#)##.#.# #..#...# #.<..o.....
.#.##.#.# ###..#...## #...#.#....
....#.#.# #.........# #.....)....
.#..#.#.# #........## #...#.#....
.#..#.#.###.#......# #..)#..÷...
....#.......#...@..# #...#.#.#..
...................# #..........
...................####..##.###.†
#..##.......)...............# #..
#..####..##....###.####..#### #..
.........##....# #.# #..# #..
#..#####.##....# #.# #.## #..
#..............###.####.# #..
...#####.##.............# #..


You could see an orc warrior.

Vanquished Creatures
  2 orc wizards (D:3)
  4 adders
  A worm (D:2)
  2 dart slugs (D:2)
  9 orcs (D:3)
  3 endoplasms
  2 giant cockroaches
  3 goblins
  2 hobgoblins
  3 quokkas
  4 ball pythons
  2 bats
  3 frilled lizards
  4 kobolds
  3 rats
47 creatures vanquished.

Vanquished Creatures (others)
  120 foxfires
120 creatures vanquished.

Grand Total: 167 creatures vanquished

Notes
Turn   | Place    | Note
-------+----------+-------------------------------------------
     0 | D:1      | LustLizard the Hill Orc Fire Elementalist began the quest
                  | for the Orb.
     0 | D:1      | Reached XP level 1. HP: 14/14 MP: 3/3
   175 | D:1      | Found a faded altar of an unknown god.
   362 | D:1      | Reached XP level 2. HP: 20/20 MP: 1/4
  1213 | D:2      | Reached XP level 3. HP: 26/26 MP: 2/5
  1426 | D:2      | Reached skill level 4 in Fire Magic
  2109 | D:2      | Reached XP level 4. HP: 32/33 MP: 3/7
  2519 | D:3      | Noticed an orc warrior
  3064 | D:3      | Learned a level 3 spell: Inner Flame
  3110 | D:3      | HP: 1/33 [orc/+0 club (2)]
  3113 | D:3      | Reached XP level 5. HP: 11/38 MP: 1/8
  3444 | D:3      | Shot with a bolt by an orc warrior

Illustrated notes

Levels and vault maps discovered:
D:1:      amcnicky_arrival_single_pillar, layout_rooms,
          ebering_ecumenical_altar_mist
D:2:      layout_basic
D:3:      layout_basic

Skill      XL: |  1  2  3  4 |
---------------+-------------+-----
Conjurations   | 2 3 |  3.1
Fire Magic     | 4 |  4.7
Spellcasting   | 2 |  2.2
Dodging        | |  1.5
Stealth        | |  1.5

Action                   |  1- 3 |  4- 6 || total
-------------------------+-------+-------++-------
Melee: Short sword       |    10 |    39 ||    49
       Punch             |       |     1 ||     1
 Cast: Foxfire           |    52 |    22 ||    74
  Use: Scroll            |     1 |     1 ||     2
       Potion            |       |     1 ||     1
Armor: Leather armour    |     4 |       ||     4
       Ring mail         |     1 |    20 ||    21
Dodge: Dodged            |    12 |    26 ||    38
